 Dungeon Crawl Stone Soup version 0.25-a0-834-g55863b0b92 (webtiles) character file.

Game seed: 5008928210151574273, levelgen mode: deterministic

6 Nixze the Chiller (level 1, -3/14 HPs)
             Began as a Draconian Ice Elementalist on Apr 23, 2020.
             Slain by a hobgoblin
             ... wielding a +0 club
              (5 damage)
             ... on level 1 of the Dungeon.
             The game lasted 00:00:32 (114 turns).

Nixze the Chiller (Draconian Ice Elementalist)       Turns: 114, Time: 00:00:33

Health: -3/14      AC:  4    Str: 10    XL:     1   Next: 75%
Magic:  0/3        EV: 12    Int: 15    God:
Gold:   8          SH:  0    Dex: 11    Spells: 3/4 levels left

rFire    . . .     SeeInvis .   (no weapon)
rCold    . . .     Gourm    .   (no shield)
rNeg     . . .     Faith    .   (armour unavailable)
rPois    .         Spirit   .   (helmet restricted)
rElec    .         Reflect  .   (no cloak)
rCorr    .         Harm     .   (no gloves)
MR       .....                  (no boots)
Stlth    ++........             (no amulet)
HPRegen  0.04/turn              (no ring)
MPRegen  0.08/turn              (no ring)

@: no status effects
A: unfitting armour, cold-blooded, AC +4
a: no special abilities


You were on level 1 of the Dungeon.
You were not hungry.

You visited 1 branch of the dungeon, and saw 1 of its levels.

You collected 8 gold pieces.

Inventory:

Comestibles
 a - 5 chunks of flesh
 b - a ration


   Skills:
 - Level 1.7 Dodging
 - Level 1.7 Stealth
 - Level 2.0 Spellcasting
 * Level 4.3 Ice Magic


You had 3 spell levels left.
You knew the following spells:

 Your Spells              Type           Power        Failure   Level  Hunger
a - Freeze                Ice            ##..         3%          1    #......

Your spell library contained the following spells:

 Spells                   Type           Power        Failure   Level  Hunger
 Frozen Ramparts          Ice            ##....       11%         3    ###....
 Ozocubu's Armour         Chrm/Ice       #.......     26%         3    ###....
 Hailstorm                Conj/Ice       #.......     65%         4    #####..
 Summon Ice Beast         Ice/Summ       #.......     65%         4    #####..


Dungeon Overview and Level Annotations

Branches:
Dungeon (1/15)

Altars:


Innate Abilities, Weirdness & Mutations

Your plain brown scales are hard. (AC +4)
You cannot fit into any form of body armour.
You are cold-blooded and may be slowed by cold attacks.


Message History

Aim: a hobgoblin, wielding a +0 club (lightly wounded)
You freeze the hobgoblin.
You kill the hobgoblin!
The hobgoblin hits you but does no damage.
You hit the hobgoblin but do no damage. You closely miss the hobgoblin.
The hobgoblin hits you with a +0 club.
* * * LOW HITPOINT WARNING * * *
You hit the hobgoblin but do no damage.
Your tail-slap misses the hobgoblin.
The hobgoblin misses you.
You hit the hobgoblin but do no damage. The hobgoblin hits you with a +0 club.
* * * LOW HITPOINT WARNING * * *
You barely miss the hobgoblin. The hobgoblin barely misses you.
You closely miss the hobgoblin. The hobgoblin completely misses you.
You hit the hobgoblin but do no damage.
Your tail-slap misses the hobgoblin.
The hobgoblin completely misses you.
You hit the hobgoblin.
You tail-slap the hobgoblin, but do no damage.
The hobgoblin is lightly wounded.
The hobgoblin hits you with a +0 club.
You die...

###
###################..
#.....#...≈≈≈≈...##..
#..<..#..).......##..
#.....#....≈≈....#8..
#'#####..........'...
#.#♣♣g'..........'÷..
#.#♣@♣#.....[..†.'...
#.#♣.♣#....≈≈...÷#8..
#('.♣♣#..........#...
#♣#♣♣ #...≈≈§≈...#...
############...
........ ........
........? .........


You could see a hobgoblin.

Vanquished Creatures
  A ball python (D:1)
  A bat (D:1)
  A giant cockroach (D:1)
  A hobgoblin (D:1)
  A frilled lizard (D:1)
5 creatures vanquished.

Notes
Turn   | Place    | Note
-------+----------+-------------------------------------------
     0 | D:1      | Nixze the Draconian Ice Elementalist began the quest for
                  | the Orb.
     0 | D:1      | Reached XP level 1. HP: 14/14 MP: 3/3
   114 | D:1      | Slain by a hobgoblin

Levels and vault maps discovered:
D:1:      scummos_arrival_gate, layout_rooms, serial_corexii_hall,
          corexii_hall_statues_i, corexii_hall_statues_deadend, st_stairs_11,
          minmay_split_cup_small

Action                   || total
-------------------------++-------
Melee: Unarmed           ||     8
       Tailslap          ||     1
 Cast: Freeze            ||     7
Armor: Skin              ||     1
Dodge: Dodged            ||     7

Table legend:
 A = Non-vault XP
 B = Vault XP
 C = Vault XP percentage of total XP
 D = Non-vault monster count
 E = Vault monster count
 F = Vault count percentage of total count
                 A         B        C        D         E       F
            +---------+---------+-------+---------+---------+-------
      Total |       9 |       0 |   0.0 |       5 |       0 |   0.0
            +---------+---------+-------+---------+---------+-------
        D:1 |       9 |       0 |   0.0 |       5 |       0 |   0.0
            +---------+---------+-------+---------+---------+-------
